 Dungeon Crawl Stone Soup version 0.27-a0-901-g8736458e1e (webtiles) character file.

Game seed: 2792843996494103753

28 HELP the Magician (level 3, 0/21 HPs)
             Began as an Octopode Hedge Wizard on Apr 6, 2021.
             Succumbed to an adder's poison
             ... on level 3 of the Dungeon.
             The game lasted 00:07:02 (1560 turns).

HELP the Magician (Octopode Hedge Wizard)           Turns: 1560, Time: 00:07:03

Health: 0/21       AC:  2    Str:  9    XL:     3   Next: 12%
Magic:  4/7        EV: 13    Int: 17    God:
Gold:   36         SH:  0    Dex: 11    Spells: 2/8 levels left

rFire    + . .     SeeInvis .   a - +0 dagger
rCold    . . .     Faith    .   (no shield)
rNeg     . . .     Spirit   .   e - +1 hat
rPois    .         Reflect  .   (no amulet)
rElec    .         Harm     .   c - ring of protection from fire
rCorr    .         Rampage  .   (no ring)
Will     .....                  (no ring)
Stlth    +++.......             (no ring)
HPRegen  0.07/turn              (no ring)
MPRegen  0.10/turn              (no ring)
                                (no ring)
                                (no ring)

@: lethally poisoned (0 -> -6), very slightly contaminated
A: almost no armour, amphibious, 8 rings, camouflage 1, gelatinous body 1,
(nimble swimmer 1), tentacles
a: no special abilities


You were on level 3 of the Dungeon.
You visited 1 branch of the dungeon, and saw 3 of its levels.

You collected 36 gold pieces.

Inventory:

Hand Weapons
 a - a +0 dagger (weapon)
Armour
 e - a +1 hat (worn)
 f - a +0 buckler
Magical Staves
 b - a staff of earth
Jewellery
 c - a ring of protection from fire (left tentacle)
Scrolls
 d - a scroll of blinking {unknown}
 h - 2 scrolls of enchant armour {unknown}
Potions
 g - a potion of magic {unknown}


   Skills:
 - Level 2.0 Dodging
 + Level 3.2 Stealth
 + Level 3.4 Spellcasting
 - Level 2.0 Conjurations
 - Level 1.0 Summonings
 - Level 1.0 Translocations
 * Level 0.0 Poison Magic


You had 2 spell levels left.
You knew the following spells:

 Your Spells              Type           Power      Damage    Failure   Level
a - Magic Dart            Conj           36%        1d4       8%          1
b - Blink                 Tloc           N/A        N/A       17%         2
x - Mephitic Cloud        Conj/Pois/Air  5%         N/A       36%         3

Your spell library contained the following spells:

 Spells                   Type           Power      Damage    Failure   Level
 Call Imp                 Summ           6%         N/A       17%         2
 Slow                     Hex            2%         N/A       26%         2
 Conjure Flame            Conj/Fire      6%         6-21      32%         3


Dungeon Overview and Level Annotations

Branches:
Dungeon (3/15)

Altars:


Innate Abilities, Weirdness & Mutations

You cannot wear most types of armour.
You are amphibious.
You can wear up to eight rings at the same time.
Your skin changes colour to match your surroundings (Stealth+).
Your rubbery body absorbs attacks. (AC +1, EV +1)
((You are camouflaged near water. (Stealth+)))
You have tentacles for arms and can constrict up to eight enemies at once.


Message History

You kill the goblin!
Casting: Magic Dart (safe; 8% risk of failure)
Confirm with . or Enter, or press ? or * to list all spells.
Aiming: Magic Dart (safe; 8% risk of failure)
Press: ? - help, Shift-Dir - straight line, f - adder
Aim: an adder (0% to evade)
You miscast Magic Dart.
You are very lightly contaminated with residual magic.
Nothing appears to happen.
Casting: Magic Dart (safe; 8% risk of failure)
Confirm with . or Enter, or press ? or * to list all spells.
Aiming: Magic Dart (safe; 8% risk of failure)
Press: ? - help, Shift-Dir - straight line, f/p - adder
Aim: an adder (0% to evade)
The magic dart hits the adder but does no damage.
The adder bites you.
You are poisoned.
The adder poisons you!
You barely miss the adder. Your grab misses the adder.
You squeeze the adder, but do no damage.
You feel sick. The adder bites you.
You hit the adder. Your grab misses the adder.
The adder is lightly wounded.
You feel sick. The adder bites you.
* * * LOW HITPOINT WARNING * * *
You are lethally poisoned!
The adder poisons you!
You hit the adder but do no damage. Your grab misses the adder.
The adder is lightly wounded.
* * * LOW HITPOINT WARNING * * *
You feel sick. The adder closely misses you.
The adder bites you but does no damage.
You barely miss the adder. Your grab misses the adder.
The adder is lightly wounded.
* * * LOW HITPOINT WARNING * * *
You feel sick. The adder barely misses you.
You barely miss the adder. You grab the adder.
The adder is lightly wounded.
You constrict the adder.
You die...

..# .
#.# #.
#.# #.##
#.# ...#
#..
#..##
#.# ...#
#.#
#.###@#
#..KS.#
##.#####
##S.#
#...#
#......#
##..##B#
### #..
...


You could see an adder and a kobold.

Vanquished Creatures
  An adder (D:2)
  A ball python (D:1)
  2 bats (D:1)
  3 endoplasms (D:1)
  2 goblins
  2 hobgoblins
  A jackal (D:2)
  A frilled lizard (D:1)
  3 kobolds
  A rat (D:1)
17 creatures vanquished.

Notes
Turn   | Place    | Note
-------+----------+-------------------------------------------
     0 | D:1      | HELP the Octopode Hedge Wizard began the quest for the Orb.
     0 | D:1      | Reached XP level 1. HP: 11/11 MP: 4/4
   480 | D:1      | Reached XP level 2. HP: 17/17 MP: 3/6
  1365 | D:2      | Reached XP level 3. HP: 12/21 MP: 1/7
  1537 | D:3      | Learned a level 2 spell: Blink
  1541 | D:3      | Learned a level 3 spell: Mephitic Cloud
  1560 | D:3      | Succumbed to an adder's poison

Illustrated notes

Levels and vault maps discovered:
D:1:      dpeg_arrival_rooms_with_view, layout_basic
D:2:      layout_basic, basic_altar, st_stairs_10, minmay_misc_feat_nine_boxes,
          uniq_jessica, uniq_natasha
D:3:      layout_loops_ring, chei_slow_surprise, ebering_ecumenical_altar_box,
          minmay_cupped, uniq_ijyb, uniq_terence

Skill      XL: |  1  2  3 |
---------------+----------+-----
Stealth        | 3 |  3.2
Conjurations   | 2 |  2.0
Dodging        | |  2.0
Spellcasting   | |  3.4
Summonings     | |  1.0
Translocations | |  1.0

Action                   || total
-------------------------++-------
Melee: Dagger            ||    36
       Constrict         ||     9
       Tentacles         ||     5
 Cast: Magic Dart        ||    21
 Stab: Sleeping          ||     2
Armor: Skin              ||     8
Dodge: Dodged            ||    21

Table legend: (Time is in decaauts)
 A = Elapsed time spent in this place.
 B = Non-inter-level travel time spent in this place.
 C = Inter-level travel time spent in this place.
 D = Time resting spent in this place.
 E = Time spent auto-exploring this place.
 F = Levels seen in this place.
 G = Mean time per level.
                   A        B        C        D        E       F      G
               +--------+--------+--------+--------+--------+-----+--------+
         Total |   1560 |   1534 |     26 |    427 |    764 |   3 |  520.0 |
       Dungeon |   1560 |   1534 |     26 |    427 |    764 |   3 |  520.0 |
               +--------+--------+--------+--------+--------+-----+--------+

Top non-repeatable levels by time:
     D:1: 1300 daAuts
     D:3: 170 daAuts
     D:2: 89 daAuts
